 Dungeon Crawl Stone Soup version 0.22-a0-803-gd6d8abe (webtiles) character file.

73 iamserjio the Firebug (level 4, -4/24 HPs)
             Began as a Tengu Fire Elementalist on July 22, 2018.
             Slain by an ogre
             ... wielding a +0 giant club
              (21 damage)
             ... on level 4 of the Dungeon.
             The game lasted 00:05:57 (811 turns).

iamserjio the Firebug (Tengu Fire Elementalist)      Turns: 811, Time: 00:05:59

Health: -4/24      AC:  2    Str:  9    XL:     4   Next: 27%
Magic:  8/8        EV: 12    Int: 16    God:
Gold:   125        SH:  0    Dex: 14    Spells: 6/7 levels left

rFire    . . .     SeeInvis .   s - -1 quarterstaff (curse)
rCold    . . .     Gourm    .   (shield currently unavailable)
rNeg     . . .     Faith    .   a - +0 robe
rPois    .         Spirit   .   p - +0 hat
rElec    .         Reflect  .   (no cloak)
rCorr    .         Harm     +   (no gloves)
MR       .....                  (boots unavailable)
Stlth    ++........             b - amulet of harm
HPRegen  0.08/turn              (no ring)
MPRegen  0.11/turn              (no ring)

@: no status effects
A: beak, talons 3
a: no special abilities


You were on level 4 of the Dungeon.
You were hungry.

You visited 1 branch of the dungeon, and saw 4 of its levels.

You collected 125 gold pieces.

Inventory:

Hand Weapons
 f - a +0 club
 h - a +0 hunting sling
 l - a +0 short sword
 s - a cursed -1 quarterstaff (weapon)
Missiles
 d - 68 stones (quivered)
Armour
 a - a +0 robe (worn)
 p - a +0 hat (worn)
 t - a +1 pair of gloves
Jewellery
 b - an amulet of harm (around neck)
Wands
 u - a wand of paralysis (14)
Scrolls
 g - a scroll of fear {unknown}
 i - 3 scrolls of identify {unknown}
 j - a scroll of fog {unknown}
 m - 3 scrolls of teleportation {unknown}
 o - a scroll of remove curse {unknown}
Potions
 e - 3 potions of curing {@q1}
 k - a potion of haste {unknown}
 n - a potion of resistance {unknown}
 q - a potion of agility {unknown}
 r - a potion of brilliance {unknown}
Comestibles
 c - 6 rations


   Skills:
 - Level 2.1 Dodging
 - Level 2.0 Stealth
 - Level 2.0 Spellcasting
 + Level 3.8 Conjurations
 + Level 4.5 Fire Magic


You had 6 spell levels left.
You knew the following spells:

 Your Spells              Type           Power        Failure   Level  Hunger
a - Flame Tongue          Conj/Fire      ##...        3%          1    #......

Your spell library contained the following spells:

 Spells                   Type           Power        Failure   Level  Hunger
 Fireball                 Conj/Fire      ##........   71%         5    ######.
 Conjure Flame            Conj/Fire      ##......     11%         3    ###....
 Throw Flame              Conj/Fire      ##....       5%          2    ###....
 Sticky Flame             Conj/Fire      ##......     36%         4    #####..
 Inner Flame              Hex/Fire       #.......     24%         3    ###....


Dungeon Overview and Level Annotations

Branches:
Dungeon (4/15)
 Temple: D:4-7

Altars:
Dithmenos

Annotations:
D:2 Sigmund


Innate Abilities, Weirdness & Mutations

You have a beak for a mouth.
You have claws for feet.


Message History

There is a stone staircase leading up here.
The ogre shouts!
There is a stone staircase leading up here.
Terence falls through a shaft!
The shaft crumbles and collapses.
You see here a wand of paralysis (15).
u - a wand of paralysis (15) Evoke which item? (* to show all) (? for menu, Esc to quit)
You don't have any such object.
Evoke which item? (* to show all) (? for menu, Esc to quit)
You don't have any such object.
Evoke which item? (* to show all) (? for menu, Esc to quit)
Okay, then.
Unknown command.
Evoke which item? (* to show all) (? for menu, Esc to quit)
Aiming: Paralyse
Press: ? - help, Shift-Dir - straight line, f - ogre
Aim: an ogre, wielding a giant club (chance to defeat MR: 46%)
The ogre resists with some effort.
The ogre hits you with a giant club!!
Ouch! That really hurt!
You die...

#......O..#
###.#####.####
#...........#
#..##...<...#
#...#.......#
#.#.#.......#
#. .#.......#
#...>.....O.#
#.###......@#
#########


You could see an ogre.

Vanquished Creatures
  3 adders
  A dart slug (D:1)
  4 leopard geckos
  7 orcs (D:3)
  A ball python (D:2)
  3 bats
  2 giant cockroaches
  A goblin (D:2)
  3 hobgoblins
  A jackal (D:3)
  4 kobolds
  A quokka (D:3)
31 creatures vanquished.

Notes
Turn   | Place    | Note
-------+----------+-------------------------------------------
     0 | D:1      | iamserjio the Tengu Fire Elementalist began the quest for the Orb.
     0 | D:1      | Reached XP level 1. HP: 10/10 MP: 4/4
   178 | D:1      | Reached XP level 2. HP: 11/15 MP: 3/6
   247 | D:2      | Reached skill level 4 in Fire Magic
   247 | D:2      | Reached XP level 3. HP: 10/19 MP: 2/7
   254 | D:2      | Found a shadowy altar of Dithmenos.
   292 | D:2      | Noticed Sigmund
   523 | D:3      | Reached XP level 4. HP: 24/24 MP: 4/8
   676 | D:3      | Noticed Terence
   679 | D:3      | Noticed a sky beast
   790 | D:4      | Noticed an ogre
   811 | D:4      | Slain by an ogre

Vault maps used:
D:1:      shiori_arrival_elements, glass_columns_a, minmay_misc_feat_ornament,
          minivault_4, minmay_misc_feat_room, grunt_decor_cap
D:2:      nicolae_dithmenos_shadow_blocks, first_ration, uniq_sigmund
D:3:      uniq_terence
D:4:      kennysheep_mini_moat, uniq_menkaure

Skill      XL: |  1  2  3 |
---------------+----------+-----
Conjurations   | 2 3 |  3.8
Fire Magic     | 4 |  4.5
Dodging        | |  2.1
Stealth        | |  2.0
Spellcasting   | |  2.0

Action                   |  1- 3 |  4- 6 || total
-------------------------+-------+-------++-------
Melee: Club              |     2 |       ||     2
       Peck              |     1 |       ||     1
       Short sword       |    13 |     4 ||    17
       Kick              |     1 |     1 ||     2
       Quarterstaff      |       |     2 ||     2
 Cast: Flame Tongue      |    35 |    16 ||    51
Evoke: Wand              |       |     1 ||     1
  Use: Potion            |     2 |       ||     2
Armor: Robe              |     3 |     3 ||     6
Dodge: Dodged            |    22 |    11 ||    33

Table legend:
 A = Spawn XP
 B = Non-spawn XP
 C = Spawn XP percentage of total XP
 D = Spawn monster count
 E = Non-spawn monster count
 F = Spawn count percentage of total count
 G = Total turns spent on level
                    A         B        C        D         E        F      G
               +---------+---------+-------+---------+---------+-------+---------
         Total |       0 |     105 |   0.0 |       0 |      31 |   0.0 |   811
               +---------+---------+-------+---------+---------+-------+---------
           D:1 |       0 |      10 |   0.0 |       0 |       4 |   0.0 |   196
           D:2 |       0 |      45 |   0.0 |       0 |      11 |   0.0 |   225
           D:3 |       0 |      50 |   0.0 |       0 |      16 |   0.0 |   369
               +---------+---------+-------+---------+---------+-------+---------
